← All builds
Suicide front / Armada / Economy first / OBSERVED BUILD

Janus skirmish rush

Vehicle Plant first into a fast Janus skirmisher push from about 1:18, backed by Rover raiding and later Blitz and Whistler, contesting the middle earlier than the norm with vehicles instead of bots.

Usually 3 mex, then lab (64%)

#raid #push #rush · 113 distinct matches · 20 players · 5% of Armada Suicide front games · team won 55% of 114 · Recently observed

THE CATCH, AND WHAT COMES WITH IT
  • JanusT1 vehicle skirmishers from 1:22 · 6% of role by thenFrom the Vehicle Plant. Only 6% of Suicide front games have it by then; others who build it get it around 1:35
  • Vehicle PlantVehicle Plant in 100%6% of all Suicide front games by then
  • RoverScout in 99%5% of all Suicide front games by then
  • BlitzBlitz in 60%7% of all Suicide front games by then
  • ShellshockerArty in 51%3% of all Suicide front games by then

Where those units first fight, in 114 games with kill data: in the middle 95%, on their own side 5%.

Those units destroy a typical 1,229 metal of enemy units by 15:00.

Then transitions into blitz (28% of army), missile truck (12% of army).

HOW TO PLAY IT

Key timing: Vehicle Plant by 0:29

  1. Rush Vehicle Plant instead of the usual bot lab opening.
  2. Send Rover scouts out for early raiding and vision.
  3. Push Janus skirmishers to fight at range in the middle.
  4. Add Shellshocker arty to back the skirmish line.
  5. Transition into Blitz tanks and missile trucks as the army scales.

Phase by phase

TYPICAL OF ITS 113 GAMES · AGAINST STANDARD SUICIDE FRONT
  1. 1
  2. 2
  3. 3
  4. 4
PLAY THE OPENING

Follow the example game's first 6:00 step by step: what to build now, what comes next, and where it goes. At 1× it keeps pace with your own game.

  1. 1

    Up to the Vehicle Plant

    Economy
    • Metal Extractor3Mex+2 vs standard
    Order
    1. Vehicle PlantVehicle Plant after 3 mexdone ~0:47, middle half 0:40–0:50

    By 0:28 in all: 3 mex (standard 1)

    The example game in this phase · 5 steps
    1. Mex ×2
    2. SentrySentry
    3. Mex
    4. Radar TowerRadar Tower
    5. Vehicle PlantVehicle Plantdone 1:01 · typical 0:47
  2. 2

    Vehicle Plant to T1 vehicle skirmishers

    Economy
    • Wind Turbine1Wind
    Order
    1. JanusT1 vehicle skirmishers after 3 mex, 2 wind
    Builders
    • Construction Vehicle2 Con vehicle +2 vs standard
    Army
    • Rover2 Scout +2 vs standard

    Some games also: mex (35%)

    The standard build makes here, this one skips: 2 mex · 2 con bot

    By 1:21 in all: 3 mex · 2 wind

    The example game in this phase · 4 steps
    1. Construction VehicleCon vehicle
    2. Wind ×3
    3. Construction VehicleCon vehicle
    4. JanusJanusdone 1:55
  3. 3

    T1 vehicle skirmishers to 5:00

    Economy
    • Metal Extractor2Mex
    • Wind Turbine4Wind
    Builders
    • Construction Vehicle2 Con vehicle +2 vs standard
    Army
    • Sentry3 Sentry
    • Janus3 Janus +3 vs standard
    • Whistler3 Missile truck +3 vs standard

    Some games also: Radar Tower (48%) · arty (47%) · Dragon's Teeth (47%) · blitz (38%)

    The standard build makes here, this one skips: 2 con bot · 2 Lazarus · 17 rocketeer

    By 5:00 in all: 5 mex · 6 wind (standard 4)

    The example game in this phase · 26 steps
    1. Wind
    2. Mex
    3. Wind
    4. JanusJanus
    5. SentrySentry
    6. JanusJanus
    7. Wind
    8. JanusJanus
    9. SentrySentry
    10. JanusJanus
    11. Dragon's TeethDragon's Teeth ×7
    12. BlitzBlitz
    13. Dragon's TeethDragon's Teeth ×4
    14. BlitzBlitz
    15. Dragon's TeethDragon's Teeth
    16. BlitzBlitz
    17. Dragon's TeethDragon's Teeth ×2
    18. BlitzBlitz ×3
    19. JanusJanus
    20. Dragon's TeethDragon's Teeth
    21. JanusJanus
    22. Dragon's TeethDragon's Teeth ×7
    23. BlitzBlitz ×2
    24. SentrySentry
    25. BlitzBlitz
    26. JanusJanus
  4. 4

    5:00 to 10:00

    Economy
    • Metal Extractor1Mex
    • Wind Turbine13Wind
    Builders
    • Construction Turret2 Con turret
    • Construction Vehicle1 Con vehicle
    Army
    • Sentry2 Sentry
    • Blitz11 Blitz +11 vs standard
    • Whistler2 Missile truck +2 vs standard

    Some games also: energy storage (46%) · Dragon's Teeth (40%) · Beamer (36%) · Radar Tower (35%)

    The standard build makes here, this one skips: 2 Lazarus · 8 rocketeer

    By 10:00 in all: 7 mex · 20 wind · 1 energy storage · 2 con turret

    The example game in this phase · 41 steps
    1. JanusJanus ×2
    2. Dragon's TeethDragon's Teeth ×7
    3. BlitzBlitz ×3
    4. Dragon's TeethDragon's Teeth
    5. BlitzBlitz
    6. Dragon's TeethDragon's Teeth
    7. BlitzBlitz ×3
    8. Dragon's TeethDragon's Teeth ×3
    9. BlitzBlitz
    10. Dragon's TeethDragon's Teeth ×3
    11. BlitzBlitz
    12. Dragon's TeethDragon's Teeth
    13. Con turret
    14. Advanced Metal ExtractorT2 mexdone 8:34 · typical 9:32
    15. Wind ×9
    16. Advanced Metal ExtractorT2 mex
    17. Wind ×3
    18. Advanced Metal ExtractorT2 mex
    19. Wind ×4
    20. PulsarPulsarnot finished by 15:00
    21. Energy storage
    22. Sneaky PeteSneaky Pete
    23. Con turret
    24. Vehicle PlantVehicle Plantdone 12:57
    25. Pit BullPit Bull
    26. Wind
    27. Converter
    28. Wind ×2
    29. Converter
    30. Construction VehicleCon vehicle
    31. Wind
    32. Construction VehicleCon vehicle ×2
    33. Wind
    34. Converter
    35. Construction VehicleCon vehicle
    36. Wind
    37. PulsarPulsar
    38. Wind ×2
    39. Construction VehicleCon vehicle
    40. Converter
    41. Wind ×5

Counts are medians over the build's games: half of them build more, half fewer. The example game is Hummell's (45 OS, 27/09/2026); pick another.

Team trades

IN AT LEAST 30% OF ITS GAMES

You hand over

Nothing regular.

You get

  • Tidal Generator4 Tidal from Pondfirst at 0:09 · in 79% of games
  • Advanced Construction Bot1 T2 con bot from Geo or Techfirst at 7:14 · in 56% of games

How it plays out

Typical game of this build against the role’s standard build, running totals by minute

  • This build
  • Standard suicide front

Metal produced

010k20k30k
0:005:0010:0015:00

metal

Enemy metal destroyed

05k10k
0:005:0010:0015:00

metal

Own metal lost

05k10k
0:005:0010:0015:00

metal

114 games.

Show as table
ByMetal produced: This buildMetal produced: Standard suicide frontEnemy metal destroyed: This buildEnemy metal destroyed: Standard suicide frontOwn metal lost: This buildOwn metal lost: Standard suicide front
1:003882260000
2:0092388800160
3:001708205121618062106
4:0027553161687658385496
5:0037894243133914138621026
6:00484154332222229815551789
7:00592766703075317521752710
8:00712079203884403131833619
9:00825193174769479639124495
10:009619106995387542645115316
11:0011474122655762590353366054
12:0013357141136276651259566830
13:0015165162226669701365567536
14:0017060181097304769673748373
15:0018578204667840832989319249
WHAT THE NUMBERS SAY

Matched the standard build's win rate but produced less metal and destroyed slightly less enemy metal by 15:00.

  • + Own metal lost by 15:00 lower (8351 vs 9208).
  • + Catch units alone destroy a typical 1231 metal by 15:00.
  • − Metal produced by 15:00 lower than standard (18283 vs 19882).
  • − Enemy metal destroyed by 15:00 slightly lower (7840 vs 8172).
THE EXAMPLE YOU ARE READING

Hummell

45.4 OS · 27/09/2026

Open source match ↗

6 received units · includes a constructor
184 metal received · 14630 energy received

Allied construction assistance is unknown. Timings are observations, not a promise of solo reproducibility.

Typical milestones

Vehicle Plant0:47Middle 50%: 0:40–0:50 · n=114
Advanced Metal Extractor9:32Middle 50%: 8:34–10:28 · n=84

Played most by

Kcorp45games of this buildHummell22games of this buildImmort9games of this buildRexalidus7games of this buildAdeus6games of this build